[Event "35th European Club Cup 2019"]
[Site "Ulcinj"]
[Date "2019.11.12"]
[Round "3.17"]
[White "De Schampheleire, Glen"]
[Black "Johannesson, Ingvar Thor"]
[Result "1-0"]
[ECO "A04"]
[WhiteElo "2359"]
[BlackElo "2352"]
[Annotator "NA"]
[PlyCount "78"]
[EventDate "2019.11.10"]
[EventType "team-tourn"]
[EventCountry "MNE"]
[SourceTitle "playchess.com"]
[Source "ChessBase"]
[SourceQuality "1"]
[WhiteTeam "HWP Sas van Gent"]
[BlackTeam "Reykjavik CC"]
[TimeControl "40/5400+30:1800+30"]

1. Nf3 c5 2. g3 Nc6 3. d4 cxd4 4. Nxd4 Qb6 5. Nb3 Nf6 6. Bg2 e6 7. O-O d6 8. a4 Be7 9. e4 O-O 10. Nc3 Ne5 11. Qe2 a6 12. a5 Qc7 13. f4 Nc4 14. Ra4 b5 15. axb6 Nxb6 16. Ra2 d5 17. e5 Nfd7 18. Be3 Nc4 19. Bxd5 Nxe3 20. Bxa8 Nxf1 21. Kxf1 Nb6 22. Be4 Nc4 23. Nd1 Rd8 24. Bd3 Qc6 25. Qg2 Qb6 26. Qe4 Rxd3 27. Qxd3 a5 28. Kg2 Bb7+ 29. Kh3 Qc6 30. Qe2 a4 31. Nd4 Qh1 32. Rxa4 Nd2 33. Ne3 Ne4 34. Ra7 g5 35. Rxb7 Nxg3 36. Rb8+ Kg7 37. Kxg3 h5 38. Nef5+ exf5 39. Nxf5+ Kh7 1-0

[Event "35th European Club Cup 2019"]
[Site "Ulcinj"]
[Date "2019.11.12"]
[Round "3.17"]
[White "Van Wissen, Michiel"]
[Black "De Graaf, Dick"]
[Result "1-0"]
[ECO "B09"]
[WhiteElo "2289"]
[BlackElo "2106"]
[Annotator "NA"]
[PlyCount "64"]
[EventDate "2019.11.10"]
[EventType "team-tourn"]
[EventCountry "MNE"]
[SourceTitle "playchess.com"]
[Source "ChessBase"]
[SourceQuality "1"]
[WhiteTeam "LSG IntelliMagic"]
[BlackTeam "En Passant"]
[TimeControl "40/5400+30:1800+30"]

1. e4 d6 2. d4 Nf6 3. Nc3 g6 4. f4 Bg7 5. Nf3 O-O 6. Bd3 Nc6 7. O-O e5 8. d5 Nd4 9. f5 c6 10. Bg5 gxf5 11. exf5 Nxf5 12. Bxf5 Bxf5 13. Kh1 Qd7 14. dxc6 bxc6 15. Nxe5 dxe5 16. Qxd7 Nxd7 17. Rxf5 Rab8 18. Rd1 h6 19. Be7 Rxb2 20. Rxd7 Rxc2 21. Bxf8 Rxc3 22. Rdxf7 Rc1+ 23. Rf1 Rxf1+ 24. Rxf1 Bxf8 25. Rf6 c5 26. g3 Kg7 27. Re6 c4 28. Rc6 Ba3 29. Rxc4 Kg6 30. Kg2 Kf5 31. Kf3 Bb2 32. g4+ Kg5 1-0

[Event "35th European Club Cup 2019"]
[Site "Ulcinj"]
[Date "2019.11.12"]
[Round "3.18"]
[White "Smith, Axel"]
[Black "Brunello, Sabino"]
[Result "0-1"]
[ECO "C26"]
[WhiteElo "2465"]
[BlackElo "2549"]
[Annotator "ChessBase"]
[PlyCount "114"]
[EventDate "2019.11.10"]
[EventType "team-tourn"]
[EventCountry "MNE"]
[SourceTitle "playchess.com"]
[Source "ChessBase"]
[SourceQuality "1"]
[WhiteTeam "Koge SK"]
[BlackTeam "Padova"]
[TimeControl "40/5400+30:1800+30"]

1. e4 e5 2. Nc3 Nf6 3. g3 g6 4. Bg2 Bg7 5. Nge2 c5 6. O-O d6 7. d3 Nc6 8. f4 exf4 9. Bxf4 Ng4 10. Qd2 h6 11. Qc1 Be6 12. Bd2 c4 13. Nf4 Bd4+ 14. Kh1 Nf2+ 15. Rxf2 Bxf2 16. Nxe6 fxe6 17. dxc4 Ne5 18. Qf1 Bb6 19. Qe2 O-O 20. Rf1 Rxf1+ 21. Bxf1 Qf6 22. Bh3 Rf8 23. Na4 Qf2 24. Qe1 Kh7 25. Nxb6 Qxb6 26. Qe3 Qxe3 27. Bxe3 Nxc4 28. Bxa7 Nxb2 29. Bxe6 Na4 30. Bd4 Nc5 31. Bd5 Rf1+ 32. Kg2 Rc1 33. c3 Na4 34. Bxb7 Nxc3 35. Kf3 Nb5 36. Be3 Rc3 37. e5 dxe5 38. Bd5 Kg7 39. a4 Nd6 40. Ke2 Nf5 41. Bb6 Nd4+ 42. Kd2 Ra3 43. a5 Kf6 44. Kc1 Ra4 45. Kb2 Ke7 46. h4 Kd6 47. Be4 g5 48. hxg5 hxg5 49. Bb7 Nc6 50. Kb3 Rxa5 51. Bxc6 Ra6 52. Bd8 Rxc6 53. Bxg5 Kd5 54. Bd2 Kd4 55. g4 Kd3 56. Ba5 Rg6 57. Bc3 e4 0-1

[Event "35th European Club Cup 2019"]
[Site "Ulcinj"]
[Date "2019.11.12"]
[Round "3.18"]
[White "Salama, Omar"]
[Black "Piceu, Tom"]
[Result "0-1"]
[ECO "A57"]
[WhiteElo "2193"]
[BlackElo "2354"]
[Annotator "ChessBase"]
[PlyCount "41"]
[EventDate "2019.11.10"]
[EventType "team-tourn"]
[EventCountry "MNE"]
[SourceTitle "playchess.com"]
[Source "ChessBase"]
[SourceQuality "1"]
[WhiteTeam "Reykjavik CC"]
[BlackTeam "HWP Sas van Gent"]
[TimeControl "40/5400+30:1800+30"]

1. d4 Nf6 2. c4 c5 3. d5 b5 4. a4 Qa5+ 5. Bd2 b4 6. Qc2 d6 7. e4 g6 8. Be2 Bg7 9. Nf3 O-O 10. O-O Nbd7 11. h3 Bb7 12. Bf4 Qc7 13. Nbd2 Rae8 14. Rfe1 e5 15. dxe6 fxe6 16. Rad1 Nh5 17. Bh2 Nf4 18. Nf1 Ne5 19. Bxf4 Rxf4 20. Ng3 Ref8 21. Qd2 0-1

[Event "35th European Club Cup 2019"]
[Site "Ulcinj"]
[Date "2019.11.12"]
[Round "3.18"]
[White "Reichardt, Robin"]
[Black "Van Ketel, Raoul"]
[Result "1-0"]
[ECO "E15"]
[WhiteElo "1954"]
[BlackElo "2212"]
[Annotator "NA"]
[PlyCount "169"]
[EventDate "2019.11.10"]
[EventType "team-tourn"]
[EventCountry "MNE"]
[SourceTitle "playchess.com"]
[Source "ChessBase"]
[SourceQuality "1"]
[WhiteTeam "En Passant"]
[BlackTeam "LSG IntelliMagic"]
[TimeControl "40/5400+30:1800+30"]

1. d4 Nf6 2. Nf3 e6 3. c4 b6 4. g3 Ba6 5. Nbd2 Bc8 6. Nb1 Ba6 7. Nbd2 Bb7 8. Bg2 Bb4 9. O-O O-O 10. Qc2 Bxd2 11. Bxd2 Be4 12. Qc3 d6 13. Rfd1 Nbd7 14. Bg5 h6 15. Bf4 a5 16. b3 Qe7 17. Ne1 Bxg2 18. Nxg2 Ne4 19. Qd3 f5 20. f3 Nef6 21. e4 fxe4 22. fxe4 e5 23. dxe5 dxe5 24. Be3 Rad8 25. Qc2 Qe6 26. Bf2 Qh3 27. Ne3 Rf7 28. Kh1 Nh5 29. Qe2 Nhf6 30. Nf5 Rdf8 31. Bg1 Nb8 32. Nh4 Nc6 33. Rd2 Kh7 34. Rad1 g5 35. Nf5 Nxe4 36. Qxe4 Qxf5 37. Qxc6 e4 38. Rf2 Qg4 39. Rdf1 Rxf2 40. Bxf2 Rf7 41. Kg1 Qf3 42. Qe6 Rf6 43. Qe5 Rf7 44. Qd4 Qf5 45. Re1 Re7 46. Qd5 Kg6 47. Qxf5+ Kxf5 48. Be3 Rd7 49. Kf2 Rd3 50. h3 c5 51. Ke2 a4 52. Rb1 Rc3 53. g4+ Ke5 54. Rb2 Kd6 55. Kd2 Rd3+ 56. Ke2 Rc3 57. bxa4 Kc6 58. a5 bxa5 59. Rb5 Rc2+ 60. Bd2 a4 61. Ra5 Rxc4 62. Ke3 Rd4 63. Ra6+ Kd5 64. Rxh6 Rd3+ 65. Ke2 Ra3 66. Bxg5 Rxa2+ 67. Bd2 a3 68. g5 c4 69. Ke3 Rb2 70. h4 Rb3+ 71. Ke2 c3 72. Ra6 Rb2 73. Rxa3 Rxd2+ 74. Ke3 Rd3+ 75. Ke2 Rg3 76. Kf2 c2 77. Ra1 Rf3+ 78. Ke2 Kc4 79. g6 Rg3 80. h5 Rg5 81. Rh1 Rxh5 82. Rc1 Kc3 83. Rg1 Rg5 84. Rxg5 c1=Q 85. Rc5+ 1-0

[Event "35th European Club Cup 2019"]
[Site "Ulcinj"]
[Date "2019.11.12"]
[Round "3.19"]
[White "Chigaev, Maksim"]
[Black "Ivanisevic, Ivan"]
[Result "1-0"]
[ECO "B40"]
[WhiteElo "2623"]
[BlackElo "2598"]
[Annotator "ChessBase"]
[PlyCount "115"]
[EventDate "2019.11.10"]
[EventType "team-tourn"]
[EventCountry "MNE"]
[SourceTitle "playchess.com"]
[Source "ChessBase"]
[SourceQuality "1"]
[WhiteTeam "Molodezka"]
[BlackTeam "Sloven Ruma"]
[TimeControl "40/5400+30:1800+30"]

1. e4 c5 2. Nf3 e6 3. g3 Nc6 4. Bg2 h5 5. h3 d5 6. exd5 exd5 7. d4 h4 8. g4 Nf6 9. Nc3 cxd4 10. Nxd4 Bc5 11. Nb3 Qe7+ 12. Qe2 Qxe2+ 13. Kxe2 Bb6 14. g5 d4 15. Nb5 Nh5 16. Nd6+ Ke7 17. Nxc8+ Raxc8 18. Bd2 Rhd8 19. Rhe1 Kf8 20. Bf3 g6 21. Bxh5 gxh5 22. Kd3 Rd5 23. f4 a5 24. a4 Ne7 25. Re5 Rxe5 26. fxe5 Nc6 27. Re1 Re8 28. Kc4 Bc7 29. Nxd4 Nxe5+ 30. Kb3 Bb6 31. c3 Nd3 32. Rf1 Nc5+ 33. Kc2 Ne4 34. g6 f6 35. Bh6+ Kg8 36. Rf5 Re5 37. Rxe5 fxe5 38. Nf5 Bd8 39. Be3 Bc7 40. Kd3 Ng3 41. Nxh4 Bd8 42. Ng2 Kg7 43. Bf2 e4+ 44. Kc4 Nh1 45. Bh4 Bxh4 46. Nxh4 Nf2 47. Kd4 Nxh3 48. Kxe4 Kf6 49. b4 Nf2+ 50. Kd4 b6 51. bxa5 bxa5 52. c4 Nd1 53. c5 Nb2 54. c6 Nxa4 55. c7 Nb6 56. Kc5 Nc8 57. Kb5 Ke6 58. Kxa5 1-0

[Event "35th European Club Cup 2019"]
[Site "Ulcinj"]
[Date "2019.11.12"]
[Round "3.19"]
[White "Admiraal, Miguoel"]
[Black "Kerigan, Demre"]
[Result "1/2-1/2"]
[ECO "B01"]
[WhiteElo "2510"]
[BlackElo "2392"]
[Annotator "ChessBase"]
[PlyCount "92"]
[EventDate "2019.11.10"]
[EventType "team-tourn"]
[EventCountry "MNE"]
[SourceTitle "playchess.com"]
[Source "ChessBase"]
[SourceQuality "1"]
[WhiteTeam "Kennemer Combinatie"]
[BlackTeam "Wachtebeke"]
[TimeControl "40/5400+30:1800+30"]

1. e4 d5 2. exd5 Qxd5 3. Nc3 Qd8 4. d4 Nf6 5. Bg5 h6 6. Bh4 c6 7. Bc4 Bg4 8. f3 Bf5 9. Nge2 e6 10. g4 Bh7 11. Bd3 Bxd3 12. Qxd3 Nbd7 13. O-O-O Qc7 14. Ne4 O-O-O 15. Bg3 Qa5 16. Kb1 Nc5 17. Nxc5 Bxc5 18. c4 Bd6 19. Be1 Qc7 20. h4 Kb8 21. h5 Rhe8 22. Bc3 e5 23. dxe5 Bxe5 24. Qf5 Bxc3 25. Nxc3 Rxd1+ 26. Rxd1 Re5 27. Rd8+ Qxd8 28. Qxe5+ Qc7 29. Qe3 Qd6 30. Kc2 Qh2+ 31. Kb3 Qd6 32. a3 b6 33. Ne2 Kb7 34. Nd4 Nd7 35. Nf5 Nc5+ 36. Ka2 Qf6 37. Qe8 a5 38. Qxf7+ Qxf7 39. Nd6+ Kc7 40. Nxf7 Kd7 41. b4 axb4 42. axb4 Nd3 43. Kb3 Ke6 44. Nd8+ Kd7 45. Nf7 Ke6 46. Nd8+ Kd7 1/2-1/2

[Event "35th European Club Cup 2019"]
[Site "Ulcinj"]
[Date "2019.11.12"]
[Round "3.21"]
[White "Esipenko, Andrey"]
[Black "Kosic, Dragan"]
[Result "1-0"]
[ECO "A40"]
[WhiteElo "2636"]
[BlackElo "2477"]
[Annotator "RC"]
[PlyCount "63"]
[EventDate "2019.11.10"]
[EventType "team-tourn"]
[EventCountry "MNE"]
[SourceTitle "playchess.com"]
[Source "ChessBase"]
[SourceQuality "1"]
[WhiteTeam "Molodezka"]
[BlackTeam "Sloven Ruma"]
[TimeControl "40/5400+30:1800+30"]

1. d4 Nf6 2. c4 e6 3. g3 Bb4+ 4. Bd2 Bxd2+ 5. Qxd2 O-O 6. Bg2 d5 7. Nf3 b6 8. O-O c5 9. Nc3 Bb7 10. cxd5 exd5 11. Rfd1 Na6 12. Rac1 Nc7 13. dxc5 bxc5 14. Na4 Ne4 15. Qe3 Ne6 16. Ne5 Qa5 17. b3 Nf6 18. Nxc5 Nxc5 19. Rxc5 Qxa2 20. Rc7 Ba6 21. Bf3 Bb5 22. Qc3 Qa6 23. e3 Qe6 24. Nc6 Bxc6 25. Rxc6 Qf5 26. Kg2 Rab8 27. Rd4 Ne4 28. Qc2 Rb5 29. Qd3 Ra5 30. Rc2 g6 31. b4 Ra1 32. Rxd5 1-0

[Event "35th European Club Cup 2019"]
[Site "Ulcinj"]
[Date "2019.11.12"]
[Round "3.21"]
[White "Van Baar, Esper"]
[Black "Matnadze, Ana"]
[Result "0-1"]
[ECO "C50"]
[WhiteElo "2176"]
[BlackElo "2384"]
[Annotator "NA"]
[PlyCount "75"]
[EventDate "2019.11.10"]
[EventType "team-tourn"]
[EventCountry "MNE"]
[SourceTitle "playchess.com"]
[Source "ChessBase"]
[SourceQuality "1"]
[WhiteTeam "Kennemer Combinatie"]
[BlackTeam "Wachtebeke"]
[TimeControl "40/5400+30:1800+30"]

1. e4 e5 2. Nf3 Nc6 3. Bc4 d6 4. c3 g6 5. d4 Bg7 6. Be3 Qe7 7. O-O Nf6 8. dxe5 dxe5 9. Qc2 O-O 10. b4 b6 11. Nbd2 Bb7 12. Bb3 a5 13. a3 h6 14. h3 Nb8 15. Rfd1 Nbd7 16. Nh2 Kh7 17. Ng4 Ne8 18. f3 f5 19. Nh2 b5 20. Qd3 Nd6 21. Bd5 Bxd5 22. Qxd5 Ra6 23. Qd3 Qe6 24. Nhf1 Rfa8 25. Bf2 f4 26. Nb1 h5 27. Qd5 Qxd5 28. Rxd5 Rc6 29. Nfd2 axb4 30. cxb4 Rc1+ 31. Kh2 g5 32. Rd3 g4 33. fxg4 hxg4 34. hxg4 Nf6 35. g3 Ndxe4 36. Nxe4 Nxe4 37. Kg2 Rc2 38. Rf3 0-1

[Event "35th European Club Cup 2019"]
[Site "Ulcinj"]
[Date "2019.11.12"]
[Round "3.22"]
[White "Miljkovic, Miroslav D"]
[Black "Yuffa, Daniil"]
[Result "1-0"]
[ECO "E71"]
[WhiteElo "2496"]
[BlackElo "2578"]
[Annotator "ChessBase"]
[PlyCount "91"]
[EventDate "2019.11.10"]
[EventType "team-tourn"]
[EventCountry "MNE"]
[SourceTitle "playchess.com"]
[Source "ChessBase"]
[SourceQuality "1"]
[WhiteTeam "Sloven Ruma"]
[BlackTeam "Molodezka"]
[TimeControl "40/5400+30:1800+30"]

1. d4 Nf6 2. c4 g6 3. Nc3 Bg7 4. e4 d6 5. h3 O-O 6. Be3 Na6 7. Nf3 c6 8. Be2 e5 9. d5 cxd5 10. cxd5 Nh5 11. Ng1 Nf6 12. Nf3 Nh5 13. Ng1 Nf4 14. Bf1 Bd7 15. g3 Nh5 16. Be2 Nf6 17. Nf3 Rc8 18. Nd2 Nc5 19. b4 Nd3+ 20. Bxd3 Rxc3 21. Nb1 Rc7 22. Na3 Rc3 23. Nb1 Nxe4 24. Bxe4 Rxe3+ 25. fxe3 Qg5 26. Qe2 f5 27. Nc3 Qxg3+ 28. Qf2 Qg5 29. Bg2 e4 30. Rc1 Bd4 31. Nd1 Be5 32. h4 Qg4 33. Bh3 Qh5 34. Rg1 Bf6 35. Kd2 Bb5 36. Bf1 f4 37. Bxb5 Qxd5+ 38. Ke1 Qxb5 39. Rg4 Qxb4+ 40. Qd2 Qb5 41. Nc3 Bxc3 42. Qxc3 fxe3 43. Qc4+ Qxc4 44. Rxc4 d5 45. Rd4 Rf5 46. Rg5 1-0

[Event "35th European Club Cup 2019"]
[Site "Ulcinj"]
[Date "2019.11.12"]
[Round "3.23"]
[White "Antipov, Mikhail Al."]
[Black "Lazic, Miroljub"]
[Result "1-0"]
[ECO "C50"]
[WhiteElo "2558"]
[BlackElo "2409"]
[Annotator "ChessBase"]
[PlyCount "99"]
[EventDate "2019.11.10"]
[EventType "team-tourn"]
[EventCountry "MNE"]
[SourceTitle "playchess.com"]
[Source "ChessBase"]
[SourceQuality "1"]
[WhiteTeam "Molodezka"]
[BlackTeam "Sloven Ruma"]
[TimeControl "40/5400+30:1800+30"]

1. e4 e5 2. Nf3 Nc6 3. Bc4 Bc5 4. O-O d6 5. d3 h6 6. c3 Qf6 7. b4 Bb6 8. a4 a5 9. b5 Nce7 10. Bb3 Ng6 11. Nbd2 Nf4 12. Ne1 Be6 13. Bxe6 Nxe6 14. Nc4 Ne7 15. Be3 d5 16. Nxb6 cxb6 17. Qf3 Qxf3 18. Nxf3 f6 19. Bxb6 dxe4 20. dxe4 Nc8 21. Be3 Nd6 22. Nd2 Ke7 23. c4 Rhc8 24. Rfc1 Nc5 25. f3 b6 26. Ra3 Rc7 27. Bf2 Rac8 28. Nf1 Nd7 29. Ne3 Ke6 30. Rac3 h5 31. h3 g6 32. g4 hxg4 33. hxg4 Nc5 34. Nd5 Rb7 35. Bxc5 Rxc5 36. Kf2 f5 37. gxf5+ gxf5 38. Rh1 fxe4 39. Rh6+ Kd7 40. Nf6+ Kc7 41. Nd5+ Kd7 42. Rc1 Rxc4 43. Rxc4 Nxc4 44. Rc6 Nd6 45. Nxb6+ Ke7 46. Nd5+ Ke6 47. Nc3 Ke7 48. Nxe4 Nf5 49. Nc5 Rb8 50. Re6+ 1-0

[Event "35th European Club Cup 2019"]
[Site "Ulcinj"]
[Date "2019.11.12"]
[Round "3.23"]
[White "Duijn, Richard"]
[Black "Blom, Vincent"]
[Result "*"]
[ECO "A43"]
[WhiteElo "2220"]
[BlackElo "2304"]
[Annotator "NA"]
[PlyCount "104"]
[EventDate "2019.11.10"]
[EventType "team-tourn"]
[EventCountry "MNE"]
[SourceTitle "playchess.com"]
[Source "ChessBase"]
[SourceQuality "1"]
[WhiteTeam "Kennemer Combinatie"]
[BlackTeam "Wachtebeke"]
[TimeControl "40/5400+30:1800+30"]

1. d4 Nf6 2. c4 c5 3. d5 d6 4. Nc3 g6 5. g3 Bg7 6. Bg2 Nbd7 7. Nf3 O-O 8. O-O Re8 9. h3 Nf8 10. Be3 a6 11. a4 Bd7 12. a5 b5 13. axb6 Qxb6 14. Na4 Bxa4 15. Qxa4 Reb8 16. Rfb1 N6d7 17. Ne1 Qb4 18. Qc2 Nb6 19. Bg5 Ra7 20. Rc1 Qxb2 21. Qd1 Qe5 22. Bd2 Qf5 23. e4 Qd7 24. Ra5 Na8 25. Bf1 Nc7 26. Kg2 Qc8 27. Bd3 Nd7 28. Bc2 Rab7 29. Qe2 Qd8 30. f4 e6 31. Qd3 Qf6 32. Ba4 Nf8 33. Nf3 Rb2 34. Bc2 Nd7 35. Ra3 Qd8 36. Re1 Qf8 37. Bc1 R2b4 38. Bd2 Rb2 39. Bc1 R2b7 40. Ba4 Nb5 41. cxb5 axb5 42. Bc2 c4 43. Qe2 b4 44. Re3 b3 45. Qxc4 bxc2 46. Qxc2 Bf6 47. Qc6 Bb2 48. Bd2 Nf6 49. g4 Rb6 50. Qa4 Qc8 51. g5 Qd7 52. Qc4 Nh5 *

[Event "35th European Club Cup 2019"]
[Site "Ulcinj"]
[Date "2019.11.12"]
[Round "3.23"]
[White "Duijn, Richard"]
[Black "Blom, Vincent"]
[Result "1/2-1/2"]
[ECO "A43"]
[WhiteElo "2220"]
[BlackElo "2304"]
[Annotator "ChessBase"]
[PlyCount "189"]
[EventDate "2019.11.10"]
[EventType "team-tourn"]
[EventCountry "MNE"]
[SourceTitle "playchess.com"]
[Source "ChessBase"]
[SourceQuality "1"]
[WhiteTeam "Kennemer Combinatie"]
[BlackTeam "Wachtebeke"]
[TimeControl "40/5400+30:1800+30"]

1. d4 Nf6 2. c4 c5 3. d5 d6 4. Nc3 g6 5. g3 Bg7 6. Bg2 Nbd7 7. Nf3 O-O 8. O-O Re8 9. h3 Nf8 10. Be3 a6 11. a4 Bd7 12. a5 b5 13. axb6 Qxb6 14. Na4 Bxa4 15. Qxa4 Reb8 16. Rfb1 N6d7 17. Ne1 Qb4 18. Qc2 Nb6 19. Bg5 Ra7 20. Rc1 Qxb2 21. Qd1 Qe5 22. Bd2 Qf5 23. e4 Qd7 24. Ra5 Na8 25. Bf1 Nc7 26. Kg2 Qc8 27. Bd3 Nd7 28. Bc2 Rab7 29. Qe2 Qd8 30. f4 e6 31. Qd3 exd5 32. exd5 Qf6 33. Ba4 Nf8 34. Nf3 Rb2 35. Bc2 Nd7 36. Ra3 Qd8 37. Re1 Qf8 38. Bc1 R2b4 39. Bd2 Rb2 40. Bc1 R2b7 41. Ba4 Nb5 42. cxb5 axb5 43. Bc2 c4 44. Qe2 b4 45. Re3 b3 46. Qxc4 bxc2 47. Qxc2 Bf6 48. Qc6 Bb2 49. Bd2 Nf6 50. g4 Rb6 51. Qa4 Qc8 52. g5 Qd7 53. Qc4 Nh5 54. Re7 Qb5 55. Qe4 Ng7 56. Nh4 f5 57. Qf3 R6b7 58. R7e2 Qc4 59. Be3 Bc3 60. Rc1 Rb2 61. Rxb2 Rxb2+ 62. Bf2 Qd4 63. Kg1 Rxf2 64. Qxf2 Qd3 65. Qf3 Bd4+ 66. Kh1 Qd2 67. Rd1 Qb2 68. Qg2 Qc3 69. Nf3 Be3 70. Qe2 Nh5 71. Qd3 Ng3+ 72. Kg2 Qb2+ 73. Nd2 Bxf4 74. Rb1 Qxd2+ 75. Qxd2 Bxd2 76. Rb8+ Kg7 77. Rb7+ Kg8 78. Kxg3 Bxg5 79. Rd7 Bf6 80. Kf3 Be5 81. Rb7 g5 82. Rc7 h5 83. Rb7 Bh2 84. Kg2 Be5 85. Kf3 g4+ 86. hxg4 hxg4+ 87. Ke3 Bh2 88. Kf2 Bf4 89. Kg2 Be5 90. Kf2 f4 91. Kg2 Bf6 92. Rd7 Be5 93. Rb7 Bf6 94. Rd7 Be5 95. Rb7 1/2-1/2

[Event "35th European Club Cup 2019"]
[Site "Ulcinj"]
[Date "2019.11.12"]
[Round "3.24"]
[White "Laketic, Gojko"]
[Black "Kryakvin, Dmitry"]
[Result "0-1"]
[ECO "D25"]
[WhiteElo "2346"]
[BlackElo "2605"]
[Annotator "ChessBase"]
[PlyCount "64"]
[EventDate "2019.11.10"]
[EventType "team-tourn"]
[EventCountry "MNE"]
[SourceTitle "playchess.com"]
[Source "ChessBase"]
[SourceQuality "1"]
[WhiteTeam "Sloven Ruma"]
[BlackTeam "Molodezka"]
[TimeControl "40/5400+30:1800+30"]

1. d4 d5 2. c4 dxc4 3. Nf3 Nf6 4. e3 b5 5. a4 b4 6. Bxc4 e6 7. Qe2 Be7 8. O-O O-O 9. Nbd2 Bb7 10. a5 c5 11. a6 Bc6 12. dxc5 Nbd7 13. Nd4 Qc7 14. Nxc6 Qxc6 15. Nb3 Nxc5 16. Nxc5 Qxc5 17. Bd2 Ne4 18. Rfc1 Nxd2 19. Qxd2 Rfd8 20. Qe2 Rac8 21. g3 Bf6 22. Ra4 Rc6 23. Rc2 Qb6 24. Bb3 Rxc2 25. Qxc2 g6 26. Ra1 Kg7 27. Qe2 Rd6 28. h4 h5 29. Ra4 Qc5 30. Qc4 Qf5 31. Qxb4 Qd3 32. Bc2 Qxc2 0-1

[Event "35th European Club Cup 2019"]
[Site "Ulcinj"]
[Date "2019.11.12"]
[Round "3.24"]
[White "Van Vliet, Dennis"]
[Black "Duijn, Rob"]
[Result "0-1"]
[ECO "D10"]
[WhiteElo "2051"]
[BlackElo "2220"]
[Annotator "NA"]
[PlyCount "104"]
[EventDate "2019.11.10"]
[EventType "team-tourn"]
[EventCountry "MNE"]
[SourceTitle "playchess.com"]
[Source "ChessBase"]
[SourceQuality "1"]
[WhiteTeam "Wachtebeke"]
[BlackTeam "Kennemer Combinatie"]
[TimeControl "40/5400+30:1800+30"]

1. d4 d5 2. c4 c6 3. cxd5 cxd5 4. Nc3 Nf6 5. Bf4 Nc6 6. e3 e6 7. Bd3 a6 8. Rc1 Bd6 9. Bxd6 Qxd6 10. f4 O-O 11. Nf3 b5 12. Ne5 Bb7 13. O-O Ne7 14. Qf3 g6 15. g4 Nd7 16. g5 Rac8 17. a3 Nb6 18. Ng4 Nf5 19. Nf6+ Kg7 20. Ne2 h5 21. Bxf5 exf5 22. Ng3 h4 23. Nfh5+ Kh8 24. Nxf5 gxf5 25. Nf6 Kg7 26. Nh5+ Kg6 27. Nf6 Rh8 28. Rxc8 Bxc8 29. Rc1 Be6 30. Rc5 Nd7 31. Nxd7 Qxd7 32. b4 f6 33. Qg2 Rg8 34. Qf2 fxg5 35. fxg5 Kxg5 36. Kh1 Qd6 37. Rc1 Kh5 38. Qf3+ Kh6 39. Qf2 Rg4 40. Qf3 Bd7 41. Rc5 Qe6 42. Rc7 f4 43. h3 Rg5 44. Rc3 Qf5 45. Kh2 fxe3 46. Qxf5 Bxf5 47. Rxe3 Be4 48. Re2 Rg3 49. a4 bxa4 50. Rf2 Kg5 51. b5 axb5 52. Rf5+ Bxf5 0-1

[Event "35th European Club Cup 2019"]
[Site "Ulcinj"]
[Date "2019.11.12"]
[Round "3.32"]
[White "Alekseev, Evgeny"]
[Black "Asadli, Vugar"]
[Result "1/2-1/2"]
[ECO "C55"]
[WhiteElo "2623"]
[BlackElo "2513"]
[Annotator "ChessBase"]
[PlyCount "75"]
[EventDate "2019.11.10"]
[EventType "team-tourn"]
[EventCountry "MNE"]
[SourceTitle "playchess.com"]
[Source "ChessBase"]
[SourceQuality "1"]
[WhiteTeam "Law & Order"]
[BlackTeam "Vugar Gashimov"]
[TimeControl "40/5400+30:1800+30"]

1. e4 e5 2. Nf3 Nc6 3. Bc4 Nf6 4. d3 h6 5. O-O d6 6. a3 g5 7. Be3 Bg7 8. Nc3 O-O 9. h3 Be6 10. Bxe6 fxe6 11. Ne2 Nh5 12. Nh2 Qe8 13. c3 Nf4 14. Qc2 Qg6 15. Rad1 Rad8 16. b4 a6 17. a4 b5 18. Ra1 Ra8 19. Ra3 d5 20. Bc5 Rfd8 21. Rfa1 bxa4 22. Rxa4 Nb8 23. b5 Nd7 24. Be3 a5 25. Rxa5 Rxa5 26. Rxa5 Nb6 27. Ra7 dxe4 28. dxe4 Nxe2+ 29. Qxe2 Qxe4 30. Nf1 Nd5 31. Ng3 Nxc3 32. Nxe4 Nxe2+ 33. Kh2 Nd4 34. Rxc7 Nxb5 35. Rb7 Nd6 36. Nxd6 Rxd6 37. Kg3 Kh7 38. h4 1/2-1/2

[Event "35th European Club Cup 2019"]
[Site "Ulcinj"]
[Date "2019.11.12"]
[Round "3.36"]
[White "Sychev, Klementy"]
[Black "Ahmadzada, Ahmad"]
[Result "0-1"]
[ECO "A65"]
[WhiteElo "2578"]
[BlackElo "2406"]
[Annotator "ChessBase"]
[PlyCount "106"]
[EventDate "2019.11.10"]
[EventType "team-tourn"]
[EventCountry "MNE"]
[SourceTitle "playchess.com"]
[Source "ChessBase"]
[SourceQuality "1"]
[WhiteTeam "Law & Order"]
[BlackTeam "Vugar Gashimov"]
[TimeControl "40/5400+30:1800+30"]

1. d4 Nf6 2. c4 c5 3. d5 e6 4. Nc3 exd5 5. cxd5 d6 6. e4 g6 7. f4 Bg7 8. Bb5+ Nfd7 9. Nf3 O-O 10. O-O a6 11. Bd3 b5 12. Kh1 c4 13. Bc2 Nc5 14. f5 Nbd7 15. Bg5 Bf6 16. Qd2 Ne5 17. h4 Nxf3 18. Rxf3 gxf5 19. exf5 Kh8 20. Ne2 Rg8 21. Rg3 Nd7 22. Re1 Qf8 23. Nf4 Be5 24. Rxe5 dxe5 25. Ne6 Qd6 26. Nd8 Qf8 27. Ne6 Qd6 28. Nd8 Qf8 29. Qb4 f6 30. Qxf8 Rxf8 31. Bh6 Rxd8 32. Bg7+ Kg8 33. Bxf6+ Kf7 34. Bxd8 Bb7 35. Ba5 Bxd5 36. Bc3 Nf6 37. Bxe5 Re8 38. Bc3 b4 39. Bxb4 Re2 40. Ba4 Ne4 41. Ra3 Rxb2 42. Ba5 Nc5 43. Kg1 Rxg2+ 44. Kf1 Rh2 45. Bc7 Rxh4 46. Bc2 Be4 47. Ra5 Bd3+ 48. Kg2 Nb7 49. Kg3 Rd4 50. Rxa6 Bxc2 51. Ra7 Be4 52. Be5 Rd7 53. Kf4 Bxf5 0-1

[Event "35th European Club Cup 2019"]
[Site "Ulcinj"]
[Date "2019.11.13"]
[Round "4.2"]
[White "Cardon, Helmut"]
[Black "Banusz, Tamas"]
[Result "0-1"]
[ECO "D12"]
[WhiteElo "2398"]
[BlackElo "2620"]
[Annotator "ChessBase"]
[PlyCount "132"]
[EventDate "2019.11.10"]
[EventType "team-tourn"]
[EventCountry "MNE"]
[SourceTitle "playchess.com"]
[Source "ChessBase"]
[SourceQuality "1"]
[WhiteTeam "HWP Sas van Gent"]
[BlackTeam "Koge SK"]
[TimeControl "40/5400+30:1800+30"]

1. d4 d5 2. c4 c6 3. Nf3 Nf6 4. e3 Bf5 5. Nc3 e6 6. Nh4 Bg6 7. Be2 Nbd7 8. O-O dxc4 9. Bxc4 Bd6 10. g3 Nb6 11. Be2 Qe7 12. Qb3 e5 13. dxe5 Bxe5 14. Rd1 Nfd7 15. a4 Nc5 16. Qa3 a5 17. f4 Bf6 18. Nxg6 hxg6 19. e4 Ne6 20. Qxe7+ Bxe7 21. b3 Bc5+ 22. Kg2 Nd4 23. Rb1 O-O-O 24. Bf1 Nc2 25. Rxd8+ Rxd8 26. Be2 Nd4 27. Bd1 Bb4 28. Ne2 Nf3 29. Be3 Ne1+ 30. Kf1 Kc7 31. Bf2 Nf3 32. Rc1 Nd2+ 33. Kg2 Nxe4 34. Bd4 f6 35. Bc2 Nd2 36. Rd1 Nd5 37. Kf2 c5 38. Bb2 Ne7 39. Bc1 Nc6 40. Bxd2 Bxd2 41. Kf1 g5 42. fxg5 fxg5 43. Kg2 Ne5 44. Rf1 Be3 45. Rd1 Bd2 46. Rf1 Kd6 47. Rd1 Ke7 48. Be4 Ng4 49. Rb1 Ne3+ 50. Kg1 b6 51. h3 Ke6 52. Rb2 Ke5 53. Bb7 g4 54. hxg4 Nxg4 55. Kg2 g5 56. Ng1 Ne3+ 57. Kf3 g4+ 58. Ke2 Bc3 59. Rb1 Nf5 60. Kf2 Bd4+ 61. Kg2 Bxg1 62. Kxg1 Rd3 63. Ba6 Rxg3+ 64. Kf2 Rf3+ 65. Kg2 Ne3+ 66. Kg1 g3 0-1